TOP OF THE 1ST |
Atlanta Braves batting - Pitching for Philadelphia Phillies : RHP Al Dopfel
|
Pitching: RHP Al Dopfel
|
|
Batting: LHB Brett Butler
|
0-0: Called Strike 0-1: Ground out 1-3 (Groundball, 13S, EV 70.0 MPH)
|
Batting: LHB Leon Durham
|
0-0: Called Strike 0-1: Ball 1-1: Ball 2-1: Foul Ball, location: 2F 2-2: Ball 3-2: Ground out 3-1 (Groundball, 34S, EV 79.4 MPH)
|
Batting: SHB Tony Fernandez
|
0-0: Foul Ball, location: 2F 0-1: Ball 1-1: Swinging Strike 1-2: Foul Ball, location: 2F 1-2: Ball 2-2: Foul Ball, location: 2F 2-2: Ball 3-2: SINGLE (Groundball, 13S, EV 66.9 MPH) (infield hit)
|
Batting: LHB Karl Pagel
|
0-0: Called Strike Pickoff Throw to First - Error! E1 Tony Fernandez to second 0-1: Called Strike 0-2: Foul Ball, location: 2F 0-2: Ball 1-2: Ball 2-2: Strikes out swinging
|
Top of the 1st over - 0 runs, 1 hit, 1 error, 1 left on base; Atlanta 0 - Philadelphia 0 |
BOTTOM OF THE 1ST |
Philadelphia Phillies batting - Pitching for Atlanta Braves : RHP Alan Knicely
|
Pitching: RHP Alan Knicely
|
|
Batting: RHB Andy Ramirez
|
0-0: Ball 1-0: Called Strike 1-1: Ball 2-1: Called Strike 2-2: Foul Ball, location: 2F 2-2: Fly out, F6 (Flyball, 56D, EV 80.6 MPH)
|
Batting: RHB Paul Molitor
|
0-0: Called Strike 0-1: SINGLE (Line Drive, 7LS, EV 91.9 MPH)
|
Batting: LHB Tony Gwynn
|
0-0: Ball 1-0: SINGLE (Line Drive, 7S, EV 88.1 MPH) Paul Molitor to second
|
Batting: RHB Candy Maldonado
|
0-0: Called Strike Paul Molitor steals 3rd base Tony Gwynn to second 0-1: Ball 1-1: Swinging Strike 1-2: Strikes out swinging
|
Batting: RHB Andre Dawson
|
0-0: Called Strike 0-1: Ground out 6-3 (Groundball, 6, EV 85.6 MPH)
|
Bottom of the 1st over - 0 runs, 2 hits, 0 errors, 2 left on base; Atlanta 0 - Philadelphia 0 |
TOP OF THE 2ND |
Atlanta Braves batting - Pitching for Philadelphia Phillies : RHP Al Dopfel
|
Batting: LHB Joe L Morgan
|
0-0: Ball 1-0: Ground out 6-3 (Groundball, 6, EV 103.8 MPH)
|
Batting: LHB Brent Hillenga
|
0-0: Ball 1-0: Fly out, F8 (Flyball, 8RD, EV 90.0 MPH)
|
Batting: SHB UL Washington
|
0-0: Fly out, F9 (Flyball, 9LS, EV 88.8 MPH)
|
Top of the 2nd over - 0 runs, 0 hits, 0 errors, 0 left on base; Atlanta 0 - Philadelphia 0 |
BOTTOM OF THE 2ND |
Philadelphia Phillies batting - Pitching for Atlanta Braves : RHP Alan Knicely
|
Batting: LHB Lou Whitaker
|
0-0: Ball 1-0: Fly out, F6 (Line Drive, 6, EV 63.1 MPH)
|
Batting: RHB Dan Thomas
|
0-0: Ball 1-0: Foul Ball, location: 2F 1-1: SINGLE (Flyball, 7S, EV 93.1 MPH)
|
Batting: LHB Clay Hill
|
0-0: Ball 1-0: Ball 2-0: Called Strike 2-1: Ball 3-1: Called Strike 3-2: Base on Balls Dan Thomas to second
|
Batting: RHB Al Dopfel
|
0-0: Bunted foul 0-1: Sac Bunt to 2R - play at first, batter OUT! 2-4 Dan Thomas to third Clay Hill to second
|
Batting: RHB Andy Ramirez
|
0-0: Ground out 5-3 (Groundball, 56, EV 101.9 MPH)
|
Bottom of the 2nd over - 0 runs, 1 hit, 0 errors, 2 left on base; Atlanta 0 - Philadelphia 0 |
TOP OF THE 3RD |
Atlanta Braves batting - Pitching for Philadelphia Phillies : RHP Al Dopfel
|
Batting: RHB Adam Suman
|
0-0: Foul Ball, location: 2F 0-1: Fly out, F7 (Line Drive, 7, EV 91.9 MPH)
|
Batting: RHB Alan Knicely
|
0-0: Fly out, F8 (Flyball, 78M, EV 75.6 MPH)
|
Batting: LHB Brett Butler
|
0-0: Foul Ball, location: 2F 0-1: Swinging Strike 0-2: Foul Ball, location: 2F 0-2: Strikes out swinging
|
Top of the 3rd over - 0 runs, 0 hits, 0 errors, 0 left on base; Atlanta 0 - Philadelphia 0 |
BOTTOM OF THE 3RD |
Philadelphia Phillies batting - Pitching for Atlanta Braves : RHP Alan Knicely
|
Batting: RHB Paul Molitor
|
0-0: Called Strike 0-1: Ground out 6-3 (Groundball, 6D, EV 98.1 MPH)
|
Batting: LHB Tony Gwynn
|
0-0: Foul Ball, location: 2F 0-1: Ball 1-1: Ground out 3-1 (Groundball, 34S, EV 87.5 MPH)
|
Batting: RHB Candy Maldonado
|
0-0: Ball 1-0: Called Strike 1-1: Ball 2-1: Ball 3-1: Base on Balls
|
Batting: RHB Andre Dawson
|
0-0: SINGLE (Flyball, 89S, EV 93.8 MPH) Candy Maldonado to second Runner from 2nd tries for 3rd, SAFE, throw by RF made to third
|
Batting: LHB Lou Whitaker
|
0-0: Ball 1-0: Ball 2-0: Ball 3-0: Called Strike 3-1: Fielders Choice at 2nd, 6-4 (Groundball, 6, EV 80.6 MPH)
|
Bottom of the 3rd over - 0 runs, 1 hit, 0 errors, 2 left on base; Atlanta 0 - Philadelphia 0 |
TOP OF THE 4TH |
Atlanta Braves batting - Pitching for Philadelphia Phillies : RHP Al Dopfel
|
Batting: LHB Leon Durham
|
0-0: Ball 1-0: Called Strike 1-1: Swinging Strike 1-2: Strikes out swinging
|
Batting: SHB Tony Fernandez
|
0-0: Ball 1-0: Foul Ball, location: 2F 1-1: Ball 2-1: Foul Ball, location: 2F 2-2: Ball 3-2: Strikes out swinging
|
Batting: LHB Karl Pagel
|
0-0: Ball 1-0: Ball 2-0: Foul Ball, location: 2F 2-1: Called Strike 2-2: Ball 3-2: Base on Balls
|
Batting: LHB Joe L Morgan
|
0-0: Called Strike 0-1: Ball 1-1: Ball 2-1: Ball 3-1: Foul Ball, location: 2F 3-2: Base on Balls Karl Pagel to second
|
Batting: LHB Brent Hillenga
|
0-0: Called Strike 0-1: Foul Ball, location: 2F 0-2: Ball 1-2: Ball Passed Ball! Karl Pagel to third Joe L Morgan to second 2-2: Foul Ball, location: 2F 2-2: Foul Ball, location: 2F 2-2: Ball 3-2: Ground out 1-3 (Groundball, 13S, EV 70.6 MPH)
|
Top of the 4th over - 0 runs, 0 hits, 0 errors, 2 left on base; Atlanta 0 - Philadelphia 0 |
BOTTOM OF THE 4TH |
Philadelphia Phillies batting - Pitching for Atlanta Braves : RHP Alan Knicely
|
Batting: RHB Dan Thomas
|
0-0: Ball 1-0: Swinging Strike 1-1: Foul Ball, location: 2F 1-2: Ball 2-2: DOUBLE (Line Drive, 7D, EV 87.5 MPH)
|
Batting: LHB Clay Hill
|
0-0: Ball 1-0: Swinging Strike 1-1: Swinging Strike 1-2: Foul Ball, location: 2F 1-2: Ground out U3 (Groundball, 34S, EV 90.6 MPH) Dan Thomas to third
|
Pinch Hitting: LHB Andy Guerrero
|
0-0: Called Strike 0-1: Foul Ball, location: 2F 0-2: Fly out, F9 (Flyball, 89M, EV 76.9 MPH)
|
Batting: RHB Andy Ramirez
|
0-0: Foul Ball, location: 2F 0-1: Foul Ball, location: 2F 0-2: Ball 1-2: Foul Ball, location: 2F 1-2: Ball 2-2: SINGLE (Line Drive, 4MD, EV 101.3 MPH) Dan Thomas scores
|
Batting: RHB Paul Molitor
|
0-0: Ball 1-0: Called Strike 1-1: Ball 2-1: Foul Ball, location: 2F 2-2: Fielders Choice at 2nd, U6 (Groundball, 6M, EV 98.8 MPH)
|
Bottom of the 4th over - 1 run, 2 hits, 0 errors, 1 left on base; Atlanta 0 - Philadelphia 1 |
TOP OF THE 5TH |
Atlanta Braves batting - Pitching for Philadelphia Phillies : RHP Al Dopfel
|
Pitching: RHP Jack Morris
|
|
Batting: SHB UL Washington
|
0-0: Ball 1-0: Ball 2-0: Called Strike 2-1: Ground out 6-3 (Groundball, 6, EV 77.5 MPH)
|
Batting: RHB Adam Suman
|
0-0: Fly out, F4 (Popup, 3S, EV 76.3 MPH)
|
Pinch Hitting: LHB Dan Rohn
|
0-0: Ball 1-0: DOUBLE (Flyball, 78D, EV 89.4 MPH)
|
Batting: LHB Brett Butler
|
0-0: Foul Ball, location: 2F 0-1: Ball 1-1: Ball 2-1: Ball 3-1: Called Strike 3-2: Foul Ball, location: 2F 3-2: Ground out 6-3 (Groundball, 6, EV 101.9 MPH)
|
Top of the 5th over - 0 runs, 1 hit, 0 errors, 1 left on base; Atlanta 0 - Philadelphia 1 |
BOTTOM OF THE 5TH |
Philadelphia Phillies batting - Pitching for Atlanta Braves : RHP Alan Knicely
|
Pitching: RHP Larry Yount
|
|
Batting: LHB Tony Gwynn
|
0-0: Fly out, F8 (Line Drive, 8RM, EV 111.9 MPH)
|
Batting: RHB Candy Maldonado
|
0-0: Ball 1-0: Swinging Strike 1-1: Foul Ball, location: 2F 1-2: Fly out, F7 (Flyball, 78M, EV 88.1 MPH)
|
Batting: RHB Andre Dawson
|
0-0: Foul Ball, location: 2F 0-1: Ball 1-1: Ball 2-1: Foul Ball, location: 2F 2-2: Ball 3-2: Base on Balls
|
Batting: LHB Lou Whitaker
|
0-0: Ball Andre Dawson is caught stealing 2nd base 2-6
|
Bottom of the 5th over - 0 runs, 0 hits, 0 errors, 0 left on base; Atlanta 0 - Philadelphia 1 |
TOP OF THE 6TH |
Atlanta Braves batting - Pitching for Philadelphia Phillies : RHP Jack Morris
|
Batting: LHB Leon Durham
|
0-0: Ball 1-0: Ball 2-0: Foul Ball, location: 2F 2-1: Foul Ball, location: 2F 2-2: Ball 3-2: SINGLE (Line Drive, 7S, EV 106.3 MPH)
|
Batting: SHB Tony Fernandez
|
0-0: Ball Leon Durham steals 2nd base 1-0: Foul Ball, location: 2F 1-1: Swinging Strike 1-2: Ball 2-2: Foul Ball, location: 2F 2-2: SINGLE (Line Drive, 89S, EV 88.1 MPH) Leon Durham to third Runner from 3rd tries for Home, SAFE, throw by RF to home Tony Fernandez to second
|
Batting: LHB Karl Pagel
|
0-0: Swinging Strike 0-1: Called Strike 0-2: Ball 1-2: Ball 2-2: Ball 3-2: SINGLE (Line Drive, 89M, EV 98.1 MPH) Tony Fernandez to third Runner from 3rd tries for Home, SAFE, throw by RF to home
|
Batting: LHB Joe L Morgan
|
0-0: Ball 1-0: Ball 2-0: Ball 3-0: Base on Balls Karl Pagel to second
|
Batting: LHB Brent Hillenga
|
0-0: Called Strike 0-1: Ball 1-1: Foul Ball, location: 2F 1-2: Grounds into double play, 6-4-3 (Groundball, 56, EV 100.6 MPH) Karl Pagel to third
|
Batting: SHB UL Washington
|
0-0: Ground out 3-1 (Groundball, 34, EV 105.0 MPH)
|
Top of the 6th over - 2 runs, 3 hits, 0 errors, 1 left on base; Atlanta 2 - Philadelphia 1 |
BOTTOM OF THE 6TH |
Philadelphia Phillies batting - Pitching for Atlanta Braves : RHP Larry Yount
|
Batting: LHB Lou Whitaker
|
0-0: Ball 1-0: Called Strike 1-1: Called Strike 1-2: Reached on error, E5 (Groundball, 5L, EV 106.3 MPH)
|
Batting: RHB Dan Thomas
|
0-0: Ball 1-0: SINGLE (Groundball, 34D, EV 98.1 MPH) Lou Whitaker to second Runner from 2nd tries for 3rd, SAFE, no throw by RF
|
Batting: LHB Clay Hill
|
0-0: Called Strike 0-1: Ball 1-1: Swinging Strike 1-2: Ball 2-2: Foul Ball, location: 2F 2-2: Ball 3-2: Strikes out swinging
|
Pinch Hitting: LHB Ken Phelps
|
0-0: Ball 1-0: Fly out, F9 (Flyball, 89D, EV 84.4 MPH) Runner from 3rd tags up, SCORES, no throw by RF
|
Pinch Hitting: LHB Terry Lee
|
0-0: Ground out 4-3 (Groundball, 4, EV 85.6 MPH)
|
Bottom of the 6th over - 1 run, 1 hit, 1 error, 1 left on base; Atlanta 2 - Philadelphia 2 |
TOP OF THE 7TH |
Atlanta Braves batting - Pitching for Philadelphia Phillies : RHP Jack Morris
|
Pitching: LHP Michael Morrison
|
|
Now at SS: Terry Lee
|
|
Batting: RHB Adam Suman
|
0-0: Ball 1-0: Ball 2-0: Fly out, F8 (Flyball, 89S, EV 83.8 MPH)
|
Pinch Hitting: RHB James Shinn
|
0-0: Ground out 5-3 (Groundball, 56, EV 83.8 MPH)
|
Pinch Hitting: RHB Dan Ford
|
0-0: Ball 1-0: Ball 2-0: SINGLE (Line Drive, 78S, EV 99.4 MPH)
|
Pinch Hitting: RHB Mike Fuentes
|
0-0: Ball 1-0: Ball 2-0: Ball 3-0: Called Strike 3-1: Base on Balls Dan Ford to second
|
Pinch Hitting: RHB Guy Sularz
|
0-0: Ball 1-0: Called Strike 1-1: SINGLE (Groundball, 5S, EV 71.3 MPH) (infield hit) Dan Ford to third Mike Fuentes to second
|
Batting: LHB Karl Pagel
|
0-0: Called Strike 0-1: Swinging Strike 0-2: Ball 1-2: TRIPLE (Flyball, 89XD, EV 88.8 MPH) Dan Ford scores Mike Fuentes scores Guy Sularz scores
|
Pitching: LHP Martin Pavlik
|
|
Pinch Hitting: RHB Tom Veryzer
|
0-0: Ball 1-0: 2-RUN HOME RUN (Flyball, 7D, EV 105.0 MPH), Distance : 379 ft
|
Pinch Hitting: RHB Dave Sax
|
0-0: Ball 1-0: Ball 2-0: Called Strike 2-1: Ball 3-1: Base on Balls
|
Pinch Hitting: RHB Dave Stegman
|
0-0: Ball 1-0: Called Strike 1-1: Ball 2-1: Foul Ball, location: 2F 2-2: DOUBLE (Line Drive, 78M, EV 95.6 MPH) Dave Sax to third Runner from 3rd tries for Home, SAFE, no throw by LF
|
Batting: RHB Adam Suman
|
0-0: Fly out, F4 (Popup, 4M, EV 74.4 MPH)
|
Top of the 7th over - 6 runs, 5 hits, 0 errors, 1 left on base; Atlanta 8 - Philadelphia 2 |
BOTTOM OF THE 7TH |
Philadelphia Phillies batting - Pitching for Atlanta Braves : RHP Larry Yount
|
Pitching: LHP Jesus Rios
|
|
Now at 1B: Dave Sax
|
|
Now at 2B: Guy Sularz
|
|
Now at 3B: Dave Stegman
|
|
Now at SS: Tom Veryzer
|
|
Now in LF: Dan Ford
|
|
Now in RF: Mike Fuentes
|
|
Pinch Hitting: RHB Ivan de Jesus
|
0-0: Ball 1-0: Swinging Strike 1-1: Fly out, F7 (Flyball, 7LM, EV 85.6 MPH)
|
Pinch Hitting: LHB Ty Gainey
|
0-0: Called Strike 0-1: Ball 1-1: Foul Ball, location: 2F 1-2: Ball 2-2: Fly out, F9 (Line Drive, 9, EV 98.8 MPH)
|
Pinch Hitting: RHB Derrell Baker
|
0-0: Ball 1-0: Ball 2-0: Ground out U3 (Groundball, 3, EV 85.6 MPH)
|
Bottom of the 7th over - 0 runs, 0 hits, 0 errors, 0 left on base; Atlanta 8 - Philadelphia 2 |
TOP OF THE 8TH |
Atlanta Braves batting - Pitching for Philadelphia Phillies : LHP Martin Pavlik
|
Now at 2B: Ivan de Jesus
|
|
Now in LF: Ty Gainey
|
|
Now in CF: Derrell Baker
|
|
Pinch Hitting: LHB Rod Carew
|
0-0: Ball 1-0: Called Strike 1-1: Ball 2-1: Ball 3-1: Swinging Strike 3-2: Base on Balls
|
Batting: RHB Dan Ford
|
0-0: 2-RUN HOME RUN (Flyball, 78XD, EV 93.1 MPH), Distance : 434 ft
|
Pitching: RHP Armando Gutierrez
|
|
Batting: RHB Mike Fuentes
|
0-0: Called Strike 0-1: Foul Ball, location: 2F 0-2: Ground out 6-3 (Groundball, 6M, EV 100.6 MPH)
|
Batting: RHB Guy Sularz
|
0-0: Ball 1-0: Ball 2-0: Ball 3-0: Called Strike 3-1: Called Strike 3-2: Fly out, F6 (Flyball, 6D, EV 90.0 MPH)
|
Batting: LHB Karl Pagel
|
0-0: Called Strike 0-1: Swinging Strike 0-2: Strikes out swinging
|
Top of the 8th over - 2 runs, 1 hit, 0 errors, 0 left on base; Atlanta 10 - Philadelphia 2 |
BOTTOM OF THE 8TH |
Philadelphia Phillies batting - Pitching for Atlanta Braves : LHP Jesus Rios
|
Pitching: RHP Charlie Lea
|
|
Pinch Hitting: LHB Rick Lancellotti
|
0-0: Ball 1-0: Ball 2-0: Ball 3-0: Called Strike 3-1: Foul Ball, location: 2F 3-2: Fly out, F5 (Popup, 56S, EV 70.0 MPH)
|
Pinch Hitting: LHB Adrian McCarthy
|
0-0: Called Strike 0-1: Swinging Strike 0-2: SINGLE (Groundball, 4MD, EV 100.6 MPH)
|
Pinch Hitting: LHB Randy Bush
|
0-0: Ball 1-0: Swinging Strike 1-1: DOUBLE (Line Drive, 3D, EV 97.5 MPH) Adrian McCarthy to third Runner from 3rd tries for Home, SAFE, throw by RF to home
|
Batting: LHB Clay Hill
|
0-0: Ball 1-0: Ball 2-0: Ground out 4-3 (Groundball, 4S, EV 86.3 MPH) Randy Bush to third
|
Batting: RHB Armando Gutierrez
|
0-0: SINGLE (Groundball, 6MD, EV 98.1 MPH) Randy Bush scores
|
Batting: LHB Terry Lee
|
0-0: Ball 1-0: Foul Ball, location: 2F 1-1: Foul Ball, location: 2F 1-2: Strikes out swinging
|
Bottom of the 8th over - 2 runs, 3 hits, 0 errors, 1 left on base; Atlanta 10 - Philadelphia 4 |
TOP OF THE 9TH |
Atlanta Braves batting - Pitching for Philadelphia Phillies : RHP Armando Gutierrez
|
Now at 1B: Randy Bush
|
|
Now at 3B: Adrian McCarthy
|
|
Now in RF: Rick Lancellotti
|
|
Batting: RHB Tom Veryzer
|
0-0: Ball 1-0: Called Strike 1-1: Foul Ball, location: 2F 1-2: Hit by Pitch
|
Batting: RHB Dave Sax
|
0-0: Ball 1-0: 2-RUN HOME RUN (Flyball, 7LD, EV 101.9 MPH), Distance : 362 ft
|
Batting: RHB Dave Stegman
|
0-0: Foul Ball, location: 2F 0-1: Ball 1-1: Ball 2-1: Ground out 5-3 (Groundball, 56S, EV 84.4 MPH)
|
Pinch Hitting: RHB Gary Allenson
|
0-0: Foul Ball, location: 2F 0-1: Ball 1-1: Foul Ball, location: 2F 1-2: Hit by Pitch
|
Batting: RHB Charlie Lea
|
0-0: Sac Bunt to P - play at first, batter OUT! 1-4 Gary Allenson to second
|
Batting: RHB Dan Ford
|
0-0: Ball 1-0: Ball 2-0: Ball 3-0: Base on Balls
|
Batting: RHB Mike Fuentes
|
0-0: Called Strike 0-1: Swinging Strike 0-2: Ball 1-2: Strikes out swinging
|
Top of the 9th over - 2 runs, 1 hit, 0 errors, 2 left on base; Atlanta 12 - Philadelphia 4 |
BOTTOM OF THE 9TH |
Philadelphia Phillies batting - Pitching for Atlanta Braves : RHP Charlie Lea
|
Now at C: Gary Allenson
|
|
Batting: RHB Ivan de Jesus
|
0-0: Called Strike 0-1: Ground out 4-3 (Groundball, 4MS, EV 69.4 MPH)
|
Batting: LHB Ty Gainey
|
0-0: Called Strike 0-1: Ball 1-1: Foul Ball, location: 2F 1-2: Foul Ball, location: 2F 1-2: Fly out, F7 (Flyball, 7, EV 89.4 MPH)
|
Batting: RHB Derrell Baker
|
0-0: Ball 1-0: Called Strike 1-1: Ball 2-1: Fly out, F9 (Flyball, 9S, EV 88.8 MPH)
|
Bottom of the 9th over - 0 runs, 0 hits, 0 errors, 0 left on base; Atlanta 12 - Philadelphia 4 |
|